 Dungeon Crawl Stone Soup version 0.30-a0-840-ga523dec638 (webtiles) character file.

Game seed: 9423619076777845227

380 hikkokomori the Digger (level 6, -5/45 HPs)
             Began as a Draconian Earth Elementalist on Mar 2, 2023.
             Slain by Grinder (6 damage)
             ... on level 3 of the Dungeon.
             The game lasted 00:03:44 (2806 turns).

hikkokomori the Digger (DrEE)                       Turns: 2806, Time: 00:03:45

Health: -5/45      AC: 10    Str: 11    XL:     6   Next: 46%
Magic:  4/9        EV: 12    Int: 17    God:
Gold:   184        SH:  0    Dex: 11    Spells: 8/9 levels left

rFire   . . .      SeeInvis .    u - +1 trident (heavy)
rCold   . . .      Faith    .    (no shield)
rNeg    . . .      Spirit   .    (body armour unavailable)
rPois   .          Reflect  .    (helmet restricted)
rElec   .          Harm     .    (no cloak)
rCorr   .          Rampage  .    (no gloves)
Will    .....                    (no boots)
Stlth   +++                      (no amulet)
HPRegen 0.27/turn                l - +4 ring of protection
MPRegen 0.11/turn                (no ring)

@: no status effects
A: AC +6, unfitting armour, cold-blooded
a: no special abilities


You were on level 3 of the Dungeon.
You visited 1 branch of the dungeon, and saw 3 of its levels.

You collected 184 gold pieces.

Inventory:

Hand Weapons
 u - a +1 heavy trident (weapon)
Armour
 q - a +0 pair of boots
 v - a +2 hat
Jewellery
 a - a ring of fire
 l - a +4 ring of protection (left hand)
Scrolls
 c - 5 scrolls of identify {unknown}
 g - 2 scrolls of fear {unknown}
 h - a scroll of enchant armour {unknown}
 i - 2 scrolls of blinking {unknown}
 j - a scroll of enchant weapon {unknown}
 k - a scroll of teleportation {unknown}
 n - a scroll of fog {unknown}
 o - a scroll of torment {unknown}
 r - a scroll of vulnerability {unknown}
 t - a scroll of silence {unknown}
Potions
 b - 3 potions of cancellation {unknown}
 d - 2 potions of curing
 e - a potion of heal wounds {unknown}
 f - 2 potions of might {unknown}
 m - a potion of lignification {unknown}
 p - a potion of mutation {unknown}
 s - a potion of haste {unknown}


   Skills:
 - Level 2.1 Dodging
 + Level 4.7 Stealth
 - Level 2.3 Spellcasting
 - Level 1.5 Transmutations
 + Level 5.3 Earth Magic


You had 8 spell levels left.
You knew the following spells:

 Your Spells              Type           Power      Damage    Failure   Level
a - Sandblast             Erth           40%        2d10      2%          1

Your spell library contained the following spells:

 Spells                   Type           Power      Damage    Failure   Level
 Passwall                 Tmut/Erth      10%        N/A       7%          2
 Stone Arrow              Conj/Erth      20%        3d8       19%         3
 Static Discharge         Conj/Air       2%         2-3/arc   28%         2
 Petrify                  Tmut/Erth      13%        N/A       41%         4
 Inner Flame              Hex/Fire       1%         N/A       50%         3
 Vhi's Electric Charge    Tloc/Air       2%         N/A       50%         3
 Cause Fear               Hex            0%         N/A       88%         4
 Arcjolt                  Conj/Air       0%         1d10      99%         5
 Lightning Bolt           Conj/Air       0%         1d11      99%         5
 Discord                  Hex            0%         N/A       100%        8


Dungeon Overview and Level Annotations

Branches:
Dungeon (3/15)

Altars:
Elyvilon
The Shining One

Annotations:
D:3 Grinder


Innate Abilities, Weirdness & Mutations

Your plain brown scales are hard. (AC +6)
You cannot fit into any form of body armour.
You are cold-blooded and may be slowed by cold attacks.


Message History

Grinder is severely wounded.
Grinder says, "FISH!"
Grinder hits you.
You writhe in agony.
The blast of sand hits Grinder but does no damage.
Grinder is severely wounded.
Grinder gestures at you. Pain shoots through your body!
You are too injured to fight recklessly!
You are too injured to fight recklessly!
Unknown command.
Casting: Sandblast (safe; 2% risk of failure)
Confirm with . or Enter, or press ? or * to list all spells.
Aiming: Sandblast (safe; 2% risk of failure)
Press: ? - help, Shift-Dir - straight line, f/p - Grinder
Aim: Grinder (severely wounded, 81% to hit)
The blast of sand hits Grinder but does no damage.
Grinder is severely wounded.
Grinder gestures at you. Pain shoots through your body!
* * * LOW HITPOINT WARNING * * *
Grinder gestures at you. Pain shoots through your body!
* * * LOW HITPOINT WARNING * * *
Reach: u) +1 trident (heavy)
Press: ? - help, Dir - move target, f/p - Grinder
Aim: Grinder (severely wounded, about 50% to evade your +1 heavy trident)
You barely miss Grinder.
Grinder is severely wounded.
Grinder hits you.
* * * LOW HITPOINT WARNING * * *
Grinder hits you but does no damage.
Reach: u) +1 trident (heavy)
Press: ? - help, Dir - move target, f/p - Grinder
Aim: Grinder (severely wounded, about 50% to evade your +1 heavy trident)
You completely miss Grinder.
Your tail-slap misses Grinder.
Grinder is severely wounded.
Grinder barely misses you. Grinder hits you.
* * * LOW HITPOINT WARNING * * *
You writhe in agony.
You die...

#.# #.......#
#.......#
#.......#
#.......#
+.......#
#.......#
#..5....# #@# #.#
#.#
#.################
#.................
##################


You could see Grinder.

Vanquished Creatures
  Sigmund (D:2)
  Natasha (twice) (D:3)
  Terence (D:3)
  Robin (D:3)
  6 adders (D:3)
  3 worms
  2 dart slugs (D:1)
  7 orcs (D:3)
  6 bats
  2 endoplasms
  3 giant cockroaches (D:1)
  9 goblins
  8 hobgoblins
  5 kobolds
  3 quokkas
  7 ball pythons
  3 frilled lizards
  4 rats
73 creatures vanquished.

Notes
Turn   | Place    | Note
-------+----------+-------------------------------------------
     0 | D:1      | hikkokomori the Draconian Earth Elementalist began the
                  | quest for the Orb.
     0 | D:1      | Reached XP level 1. HP: 14/14 MP: 3/3
   304 | D:1      | Reached XP level 2. HP: 15/20 MP: 0/5
   879 | D:1      | Reached XP level 3. HP: 26/26 MP: 4/6
  1361 | D:2      | Noticed Sigmund
  1373 | D:2      | Killed Sigmund
  1374 | D:2      | Reached skill level 4 in Earth Magic
  1374 | D:2      | Reached XP level 4. HP: 18/33 MP: 5/7
  1374 | D:2      | Reached XP level 5. HP: 21/38 MP: 5/8
  1808 | D:3      | Found a white marble altar of Elyvilon.
  1810 | D:3      | Found a glowing golden altar of the Shining One.
  2006 | D:3      | Noticed Robin
  2031 | D:3      | Killed Robin
  2273 | D:3      | Noticed Natasha
  2277 | D:3      | Reached XP level 6. HP: 45/45 MP: 7/9
  2280 | D:3      | Killed Natasha
  2281 | D:3      | Reached skill level 5 in Earth Magic
  2528 | D:3      | Noticed Natasha
  2533 | D:3      | Killed Natasha
  2644 | D:3      | Noticed Terence
  2657 | D:3      | Killed Terence
  2786 | D:3      | Noticed Grinder
  2790 | D:3      | Paralysed by Grinder for 5 turns
  2805 | D:3      | HP: 2/45 [Grinder (6)]
  2806 | D:3      | Slain by Grinder

Illustrated notes

Levels and vault maps discovered:
D:1:      ebering_hopf_link, layout_loops_ring, minmay_cut_off
D:2:      layout_loops_ring, serial_bayou_lagoon_a, uniq_sigmund
D:3:      layout_basic, grunt_temple_overflow_open, minmay_distorted,
          uniq_robin, uniq_natasha, uniq_grinder, uniq_terence

Skill      XL: |  1  2  3  4  5  6 |
---------------+-------------------+-----
Stealth        | 2 3 4 |  4.7
Dodging        | 2 |  2.1
Earth Magic    | 4 5 |  5.3
Spellcasting   | |  2.3
Transmutations | |  1.5

Action                     |  1- 3 |  4- 6 || total
---------------------------+-------+-------++-------
  Melee: Unarmed           |     5 |     8 ||    13
         Tailslap          |     1 |     6 ||     7
         Trident           |       |    29 ||    29
   Cast: Sandblast         |    53 |    71 ||   124
    Use: Potion            |     1 |     1 ||     2
   Stab: Sleeping          |       |     1 ||     1
 Armour: Skin              |     9 |    36 ||    45
  Dodge: Dodged            |    12 |    58 ||    70

Table legend: (Time is in decaauts)
 A = Elapsed time spent in this place.
 B = Non-inter-level travel time spent in this place.
 C = Inter-level travel time spent in this place.
 D = Time resting spent in this place.
 E = Time spent auto-exploring this place.
 F = Levels seen in this place.
 G = Mean time per level.
                   A        B        C        D        E       F      G
               +--------+--------+--------+--------+--------+-----+--------+
         Total |   2901 |   2832 |     69 |      3 |   2342 |   3 |  967.0 |
       Dungeon |   2901 |   2832 |     69 |      3 |   2342 |   3 |  967.0 |
               +--------+--------+--------+--------+--------+-----+--------+

Top non-repeatable levels by time:
     D:3: 1058 daAuts
     D:1: 1041 daAuts
     D:2: 802 daAuts
